 Dungeon Crawl Stone Soup version 0.28.0-43-g3370ac3207 (webtiles) character file.

Game seed: 9277287225045934541

441 smarlow the Magician (level 7, -5/45 HPs)
             Began as a Djinni Conjurer on Mar 6, 2022.
             Was an Initiate of Makhleb.
             Killed by divine providence
             ... invoked by an orc priest
              (9 damage)
             ... on level 5 of the Dungeon.
             The game lasted 00:05:34 (4917 turns).

smarlow the Magician (Djinni Conjurer)              Turns: 4917, Time: 00:05:36

Health: -5/45      AC:  3    Str:  6    XL:     7   Next: 22%
Gold:   80         EV: 12    Int: 21    God:    Makhleb [......] SH:  0 Dex: 12

rFire   + + .      SeeInvis .   (no weapon)
rCold   x . .      Faith    .   (no shield)
rNeg    + . .      Spirit   .   a - +1 robe
rPois   ∞          Reflect  .   (no helmet)
rElec   .          Harm     .   (no cloak)
rCorr   .          Rampage  .   (no gloves)
Will    .....                   (boots unavailable)
Stlth   ++........              (no amulet)
HPRegen 0.15/turn               c - ring of positive energy
MPRegen 0.00/turn               p - +4 ring of slaying

@: weak-willed, flying
A: sickness immunity, fire resistance 2, cold vulnerability 1, float, innate
caster, HP casting, extra vitality 1
a: Renounce Religion


You were on level 5 of the Dungeon.
You worshipped Makhleb.
Makhleb was noncommittal.
You visited 2 branches of the dungeon, and saw 6 of its levels.

You collected 80 gold pieces.

Inventory:

Armour
 a - a +1 robe (worn)
 u - a +1 helmet
Jewellery
 c - a ring of positive energy (left hand)
 k - an amulet of faith
 p - a +4 ring of slaying (right hand)
Scrolls
 b - a scroll of torment {unknown}
 l - a scroll of immolation
 n - a scroll of vulnerability
 q - a scroll of teleportation {unknown}
 s - a scroll of enchant armour
 t - a scroll of identify
Potions
 d - a potion of flight {unknown}
 e - 2 potions of haste
 f - a potion of lignification {unknown}
 h - a potion of mutation {unknown}
 i - 2 potions of brilliance {unknown}
 j - a potion of magic {unknown}
 r - 2 potions of curing {unknown}


   Skills:
 - Level 2.1 Dodging
 - Level 1.5 Stealth
 + Level 6.3 Spellcasting


You couldn't memorise any spells.
You knew the following spells:

 Your Spells              Type           Power      Damage    Failure   Level
a - Magic Dart            Conj           100%       1d8       1%          1
b - Searing Ray           Conj           66%        2d6       1%          2
c - Dazzling Flash        Conj/Hex       66%        N/A       1%          3
d - Fulminant Prism       Conj/Hex       16%        3d11      7%          4
e - Iskenderun's Mystic   Conj/Tloc      33%        2d8       7%          4
f - Sting                 Tmut/Pois      100%       1d8       1%          1
g - Static Discharge      Conj/Air       33%        N/A       1%          2
h - Vampiric Draining     Necr           33%        2d8       1%          3
Your spell library was empty.

Dungeon Overview and Level Annotations

Branches:
Dungeon (5/15)             Temple (1/1) D:4

Altars:
Dithmenos
Elyvilon
Fedhas
Gozag
Hepliaklqana
Kikubaaqudgha
Makhleb
Nemelex Xobeh
Okawaru
Qazlal
Ru
Uskayaw
Vehumet
Wu Jian
Xom
Yredelemnul
Zin
The Shining One


Innate Abilities, Weirdness & Mutations

You are immune to sickness and miasma.
You are immune to poison.
Your flesh is very heat resistant. (rF++)
You are vulnerable to cold. (rC-)
You float through the air rather than walking.
You learn spells naturally, not from books.
Your magical power is your life essence.
You have superior vitality. (+4 MHP)


Message History

Okay, then.
As you read the scroll of fear, it crumbles to dust.
You assume a fearsome visage.
The orc priest looks frightened!
The orc wizard looks frightened!
The orc wizard gestures wildly while chanting.
The orc wizard flickers and vanishes!
Deactivating autopickup; reactivate with Ctrl-A.
An iguana comes into view.
An orc priest comes into view. It is wielding a +0 club.
Casting: Sting (safe; 1% risk of failure)
Confirm with . or Enter, or press ? or * to list all spells.
You erupt in a blast of force!
The mystic blast hits the orc priest!
The orc priest is almost dead.
* * * LOW HITPOINT WARNING * * *
As you read the scroll labelled VYARCH FUIZIFFEJAA, it crumbles to dust.
It is a scroll of enchant armour.
Your +0 robe glows green for a moment.
The orc priest closely misses you.
As you read the scroll labelled TUIBBA LU GIQ, it crumbles to dust.
Magic quickly surges around you.
It was a scroll of vulnerability.
The orc priest hits you with a +0 club.
* * * LOW HITPOINT WARNING * * *
You hear some strange, mumbled words.
A puff of flame appears from out of thin air!
The puff of flame hits you. You resist.
* * * LOW HITPOINT WARNING * * *
As you read the scroll labelled WEITOO FERPH, it crumbles to dust.
You hear a loud clanging noise!
It was a scroll of noise.
You hear a shout!
Something shouts, "Capitulate, thou canting flat-headed flax-wench!"
The orc priest hits you with a +0 club.
* * * LOW HITPOINT WARNING * * *
The iguana barely misses you.
Blink to where?
Press: ? - help, Dir - move target
As you read the scroll labelled MIAROYXA EDOP, it crumbles to dust.
It was a scroll of blinking.
The orc priest calls down the wrath of Beogh upon you.
Beogh smites you!
You die...

#. ##)...#... #.
#..##.....# #.
##.##......# .# #.##
#..#.......#
...###..#####..........#
..............o.......##
..............l..>...##
............#..........
.......@##..#..........
........##..##....#...#
.............#........#
.............#......#..
..............#...###
................###
...........####.
...........#


You could see an iguana (weak-willed) and an orc priest (weak-willed).

Vanquished Creatures
  A sky beast (D:5)
  A scorpion (D:4)
  A bullfrog zombie (D:5)
  A jelly (D:4)
  A bullfrog skeleton (D:4)
  A hound zombie (D:3)
  2 hound skeletons (D:4)
  3 gnolls (D:2)
  5 adders
  4 worms
  3 dart slugs
  2 orcs
  8 endoplasms
  2 giant cockroaches
  5 goblins
  9 hobgoblins
  2 quokkas
  9 ball pythons
  2 bats
  6 frilled lizards
  2 kobolds (D:1)
  5 rats
75 creatures vanquished.

Vanquished Creatures (others)
  2 fulminant prisms
  2 withered plants (D:3)
4 creatures vanquished.

Grand Total: 79 creatures vanquished

Notes
Turn   | Place    | Note
-------+----------+-------------------------------------------
     0 | D:1      | smarlow the Djinni Conjurer began the quest for the Orb.
     0 | D:1      | Reached XP level 1. HP: 15/15 MP: 0/0
   383 | D:1      | Reached XP level 2. HP: 18/21 MP: 0/0
  1143 | D:2      | Reached XP level 3. HP: 20/25 MP: 0/0
  1143 | D:2      | Learned a level 1 spell: Sting
  1224 | D:2      | Reached skill level 4 in Spellcasting
  1817 | D:2      | Reached XP level 4. HP: 23/31 MP: 0/0
  2362 | D:2      | Reached XP level 5. HP: 34/35 MP: 0/0
  2362 | D:2      | Learned a level 2 spell: Static Discharge
  2985 | D:3      | Reached skill level 5 in Spellcasting
  3075 | D:3      | Found a faded altar of an unknown god.
  3733 | D:4      | Reached XP level 6. HP: 28/40 MP: 0/0
  3849 | D:4      | Found a staircase to the Ecumenical Temple.
  3861 | Temple   | Entered the Ecumenical Temple
  4000 | Temple   | Became a worshipper of Makhleb the Destroyer
  4720 | D:5      | Entered Level 5 of the Dungeon
  4729 | D:5      | Reached skill level 6 in Spellcasting
  4886 | D:5      | Noticed a sky beast
  4894 | D:5      | Killed a sky beast
  4895 | D:5      | Reached XP level 7. HP: 30/45 MP: 0/0
  4895 | D:5      | Learned a level 3 spell: Vampiric Draining
  4917 | D:5      | Killed from afar by an orc priest

Illustrated notes

Levels and vault maps discovered:
D:1:      matt_arrival_refuge, layout_basic
D:2:      layout_loops_ring, minmay_misc_feat_x, hangedman_decor_riveting,
          minmay_tromino_v7
D:3:      layout_basic, serial_corexii_hall, corexii_hall_statues_x,
          chequers_hall_statues_wall_a, chequers_hall_statues_corner_a,
          corexii_hall_statues_deadend, ebering_ecumenical_altar_petrified
D:4:      layout_basic, minmay_temple_entry_gardened_gates
D:5:      layout_layer_cave, nzn_overflow_gifts_of_might_and_magic,
          gammafunk_ghost_smash
Temple:   mainiacjoe_temple_coin_purse

Skill      XL: |  1  2  3  4  5  6 |
---------------+-------------------+-----
Spellcasting   | 4 5 6 |  6.3
Dodging        | |  2.1
Stealth        | |  1.5

Action                   |  1- 3 |  4- 6 |  7- 9 || total
-------------------------+-------+-------+-------++-------
 Cast: Magic Dart        |    68 |   124 |     2 ||   194
       Iskenderun's Myst |       |     8 |     2 ||    10
       Fulminant Prism   |       |     1 |     1 ||     2
       Searing Ray       |       |     1 |       ||     1
       Sting             |       |     2 |     1 ||     3
  Use: Scroll            |       |     3 |     5 ||     8
Armor: Robe              |       |     4 |       ||     4
Dodge: Dodged            |     1 |    12 |     2 ||    15
